 Dungeon Crawl Stone Soup version 0.31-a0-202-g547052bce9 (webtiles) character file.

Game seed: 4959220358609270291

53 qw the Shooter (level 3, 0/20 HPs)
             Began as a Deep Elf Hunter on June 26, 2023.
             Slain by a gnoll
             ... wielding a +0 spear
              (6 damage)
             ... on level 2 of the Dungeon.
             The game lasted 00:00:24 (1010 turns).

qw the Shooter (Deep Elf Hunter)                    Turns: 1010, Time: 00:00:25

Health: 0/20       AC:  7    Str: 10    XL:     3   Next: 64%
Magic:  5/5        EV: 11    Int: 13    God:
Gold:   54         SH:  0    Dex: 18    Spells: 2/2 levels left

rFire   . . .        Y - +0 shortbow
rCold   . . .        (shield currently unavailable)
rNeg    . . .        h - +0 ring mail
rPois   .            (no helmet)
rElec   .            (no cloak)
rCorr   .            (no gloves)
SInv    .            k - +1 pair of boots
Will    .....        (no amulet)
Stlth   +            (no ring)
HPRegen 0.23/turn    (no ring)
MPRegen 0.09/turn

%: no passive effects
@: no status effects
A: no striking features
a: no special abilities


You were on level 2 of the Dungeon.
You visited 1 branch of the dungeon, and saw 2 of its levels.

You collected 80 gold pieces.
You spent 26 gold pieces at shops.


   Skills:
 - Level 1.5 Fighting
 + Level 7.1 Ranged Weapons
 - Level 2.4 Dodging
 - Level 1.2 Stealth


You had 2 spell levels left.
You didn't know any spells.
Your spell library was empty.

Inventory:

Hand Weapons
 Y - a +0 shortbow (weapon)
Armour
 h - a +0 ring mail (worn)
 k - a +1 pair of boots (worn)
Scrolls
 a - a scroll of noise {unknown}
 b - a scroll of teleportation {unknown}
 c - a scroll of immolation {unknown}
 g - 3 scrolls of identify
Potions
 d - a potion of invisibility {unknown}
 i - a potion of magic {unknown}
 j - a potion of brilliance {unknown}

Dungeon Overview and Level Annotations

Branches:
Dungeon (2/15)

Altars:

Shops:
D:2 ?


Message History

A gnoll comes into view. It is wielding a +0 spear.
A kobold comes into view. It is wielding a +0 short sword.
Enter note:
Enter note:
Enter note:
Enter note: You shoot an arrow.
The arrow closely misses the gnoll.
The kobold shouts!
The gnoll shouts!
You hear a shout!
The gnoll hits you but does no damage.
You shoot an arrow. The arrow hits the gnoll.
The gnoll is moderately wounded.
The gnoll barely misses you.
You shoot an arrow. The arrow hits the gnoll!
The gnoll is almost dead.
The gnoll hits you but does no damage.
The gnoll hits you from afar with a +0 spear.
You shoot an arrow. The arrow hits the kobold.
The kobold is moderately wounded.
A gnoll comes into view. It is wielding a +0 spear.
The kobold hits you with a +0 short sword.
The gnoll hits you from afar with a +0 spear.
You shoot an arrow. The arrow barely misses the kobold.
The kobold hits you with a +0 short sword.
The gnoll hits you from afar with a +0 spear.
A gnoll comes into view. It is wielding a +0 flail.
You shoot an arrow. The arrow hits the kobold.
You kill the kobold!
The gnoll hits you from afar with a +0 spear.
You shoot an arrow. The arrow barely misses the gnoll.
The gnoll hits you from afar with a +0 spear.
You shoot an arrow. The arrow closely misses the gnoll.
The gnoll hits you from afar with a +0 spear.
The gnoll barely misses you. x2; The gnoll closely misses you.
You shoot an arrow.
The arrow hits the gnoll but does no damage.
The gnoll is almost dead.
The gnoll hits you but does no damage.
The gnoll hits you from afar with a +0 spear.
You die...

##.%.....# #%%##....#
#...#...## #...######
#.......). #####
#...###### gg.#
#.......##
.######.#####.##...###.#.
........@)g.>.##...# #.#.
####..#.########...# #.#.
.... #.#########'## #.#.
#### #...........# #.#.
############# #.#. #.##
#... ####


You could see 3 gnolls.

Vanquished Creatures
  A gnoll (D:2)
  A dart slug (D:1)
  An endoplasm (D:1)
  2 giant cockroaches (D:1)
  2 goblins (D:1)
  4 hobgoblins
  4 jackals (D:2)
  3 kobolds
  A quokka (D:2)
  3 ball pythons
  2 bats (D:1)
  19 rats (D:2)
43 creatures vanquished.

Notes
Turn   | Place    | Note
-------+----------+-------------------------------------------
     0 | D:1      | qw the Deep Elf Hunter began the quest for the Orb.
     0 | D:1      | Reached XP level 1. HP: 12/12 MP: 3/3
     0 | D:1      | 0 ||| qw: Version: 0.3-a-22-g0ed2b0b
     0 | D:1      | 0 ||| qw: Game counter: 5919
     0 | D:1      | 0 ||| qw: Melee chars always use a shield: true
     0 | D:1      | 0 ||| qw: God list: Okawaru
     0 | D:1      | 0 ||| qw: Allow faded altars: false
     0 | D:1      | 0 ||| qw: Do Orc after clearing Dungeon:15 true
     0 | D:1      | 0 ||| qw: Do second Lair branch before Depths: true
     0 | D:1      | 0 ||| qw: Lair rune preference: random
     0 | D:1      | 0 ||| qw: Goals: Normal
     0 | D:1      | 0 ||| PLANNING D:1-11
   222 | D:1      | Reached XP level 2. HP: 16/16 MP: 4/4
   298 | D:1      | Reached skill level 6 in Ranged Weapons
   677 | D:1      | 677 ||| UPGRADING to +0 ring mail.
   687 | D:1      | 687 ||| DROPPING +0 leather armour.
   688 | D:1      | 688 ||| UPGRADING to +1 pair of boots.
   693 | D:1      | 693 ||| DROPPING ring of flight.
   694 | D:1      | 694 ||| READING scroll labelled YDOASA TOASAFE.
   695 | D:1      | 695 ||| READING 2 scrolls labelled REKLAIKLUTEM.
   696 | D:1      | 696 ||| DROPPING scroll of butterflies.
   810 | D:2      | Found Nigo's Magic Scroll Shop.
   819 | D:2      | 819 ||| SHOPLISTING scroll of enchant weapon (97 gold, have
                  | 68).
   819 | D:2      | 819 ||| BUYING scroll of identify (26 gold).
   819 | D:2      | Bought a scroll of identify for 26 gold pieces
   902 | D:2      | Reached XP level 3. HP: 19/20 MP: 5/5
  1000 | D:2      | Reached skill level 7 in Ranged Weapons
  1010 | D:2      | Slain by a gnoll

Levels and vault maps discovered:
D:1:      wheals_arrival_shading, layout_basic
D:2:      layout_basic, serial_shops, nicolae_shop_advertising_works
          [nicolae_subvault_shop_adworks], minmay_rat_hole

Skill      XL: |  1  2  3 |
---------------+----------+-----
Ranged Weapons | 6 7 |  7.1
Fighting       | |  1.5
Dodging        | |  2.4
Stealth        | |  1.2

Action                     || total
---------------------------++-------
   Fire: Shortbow          ||   101
    Use: Scroll            ||     2
 Armour: Ring mail         ||    21
  Dodge: Dodged            ||    39

Table legend:
 A = Non-vault XP
 B = Vault XP
 C = Vault XP percentage of total XP
 D = Non-vault monster count
 E = Vault monster count
 F = Vault count percentage of total count
                 A         B        C        D         E       F
            +---------+---------+-------+---------+---------+-------
      Total |      57 |      20 |  26.0 |      24 |      19 |  44.2
            +---------+---------+-------+---------+---------+-------
        D:1 |      27 |       0 |   0.0 |      14 |       0 |   0.0
        D:2 |      30 |      20 |  40.0 |      10 |      19 |  65.5
            +---------+---------+-------+---------+---------+-------
